 Dungeon Crawl Stone Soup version 0.20.1-1-g8b1a95d (webtiles) character file.

4102 Knicklaso the Grappler (level 10, -2/71 HPs)
             Began as a Grey Draconian Transmuter on July 15, 2017.
             Was a Follower of Ashenzari.
             Slain by an orc warrior (19 damage)
             ... in a bailey on July 16, 2017.
             The game lasted 00:39:32 (6759 turns).

Knicklaso the Grappler (Grey Draconian Transmuter)  Turns: 6759, Time: 00:39:33

Health: -2/71      AC: 15    Str: 13    XL:     10   Next: 6%
Magic:  2/13       EV: 13    Int: 16    God:    Ashenzari [*.....]
Gold:   303        SH:  0    Dex: 12    Spells: 0/13 levels left

rFire    . . .     SeeInvis .     - Unarmed
rCold    . . .     Gourm    .   (shield currently unavailable)
rNeg     . . .     Faith    .   (armour unavailable)
rPois    .         Spirit   .   (helmet restricted)
rElec    .         Reflect  .   (no cloak)
rCorr    .         Harm     .   (gloves currently unavailable)
MR       .....                  r - +2 pair of boots (curse)
Stlth    +.........             (no amulet)
Regen    0.3/turn               k - +1 ring of evasion
MPRegen  0.2/turn               v - ring of flight

@: blade hands, very slightly contaminated, hasted, very quick
A: walk through water, unfitting armour, unbreathing, cold-blooded, AC +12
a: End Transformation, Curse Item, Scrying, Renounce Religion, Evoke Flight


You were in a bailey.
You worshipped Ashenzari.
Ashenzari was aware of your devotion.
You were hungry.
You had blades for hands.
You visited 1 branch of the dungeon, and saw 7 of its levels.
You also visited: Bailey.

You collected 303 gold pieces.

Inventory:

Hand Weapons
 l - the +2 spear of Mayhem (melded) {freeze, Int+6}
   (You found it on level 4 of the Dungeon)

   It has been specially enchanted to freeze those struck by it, causing extra
   injury to most foes and up to half again as much damage against particularly
   susceptible opponents.
   It can also slow down cold-blooded creatures.
   It affects your intelligence (+6).
Missiles
 a - 287 arrows
Armour
 j - a cursed +2 pair of gloves (melded)
 r - a cursed +2 pair of boots (worn)
 x - the +3 shield "Netar" {*Slow +Fly rElec rN+++}
   (You found it on level 4 of the Dungeon)

   It insulates you from electricity.
   It renders you almost immune to negative energy.
   It lets you fly.
   It may slow you when you take damage.
Jewellery
 k - a +1 ring of evasion (left scythe-like blade)
 v - a ring of flight (right scythe-like blade)
Wands
 F - a wand of lightning (13/15)
Scrolls
 d - a scroll of fog
 f - a scroll of identify
 g - a scroll of remove curse
 n - 2 scrolls of blinking {unknown}
 q - 2 scrolls of immolation
 w - 2 scrolls of fear
 y - 2 scrolls of teleportation {unknown}
 D - a scroll of enchant weapon
 E - a scroll of random uselessness {unknown}
 G - a scroll of magic mapping {unknown}
Potions
 e - 3 potions of lignification
 h - a potion of might
 m - 2 potions of brilliance
 o - a potion of haste
 s - a potion of invisibility {unknown}
 u - 2 potions of resistance
Books
 b - a book of Changes

   Spells                             Type                      Level
   a - Beastly Appendage              Transmutation                1
   b - Sticks to Snakes               Transmutation                2
   c - Spider Form                    Transmutation/Poison         3
   d - Ice Form                       Ice/Transmutation            4
   e - Blade Hands                    Transmutation                5
 H - Sif Muna's Volume of the Snowflakes
   (You found it on level 6 of the Dungeon)

   Spells                             Type                      Level
   a - Freeze                         Ice                          1
Comestibles
 c - 4 bread rations
 i - 6 royal jellies
 t - a meat ration
 z - a fruit
 A - a chunk of flesh


   Skills:
 - Level 1.1 Fighting
 * Level 2.1 Dodging
 - Level 11.8 Unarmed Combat
 - Level 2.0 Spellcasting
 - Level 8.8 Transmutations
 - Level 1.3 Poison Magic


You couldn't memorise any spells.
You knew the following spells:

 Your Spells              Type           Power        Failure   Level  Hunger
a - Beastly Appendage     Tmut           ####..       12%         1    #......
b - Spider Form           Tmut/Pois      ###.......   41%         3    ###....
c - Blade Hands           Tmut           ####......   56%         5    ######.
d - Ice Form              Ice/Tmut       ###.....     75%         4    #####..


Dungeon Overview and Level Annotations

Branches:
Dungeon (7/15)             Temple (0/1) D:6

Altars:
Ashenzari
Makhleb
Nemelex Xobeh
Sif Muna
Vehumet
The Shining One

Shops:
D:7 }


Innate Abilities, Weirdness & Mutations

You can walk through water.
Your dull iron-grey scales are very hard. (AC +12)
You cannot fit into any form of body armour.
You can survive without breathing.
You are cold-blooded and may be slowed by cold attacks.


Message History

Your cursed +2 pair of gloves melds into your body.
The +2 spear of Mayhem {freeze, Int+6} stops glowing.
The orc shoots a bolt.
The bolt closely misses you.
An orc comes into view. It is wielding an arbalest.
The orc warrior shoots a bolt.
The bolt hits you.
You hear a shout!
You see here a bolt.
The orc shoots a bolt.
The bolt barely misses you.
The orc shouts!
The orc warrior unwields an uncursed arbalest.
The orc warrior closely misses you.
You slash the orc warrior!
The orc warrior is heavily wounded.
The orc shoots a bolt.
The bolt hits you!
* * * LOW HITPOINT WARNING * * *
You slash the orc warrior!
You tail-slap the orc warrior, but do no damage.
The orc warrior is almost dead.
The orc warrior hits you!!
You die...

....≈≈#o#≈≈....
.....≈≈≈≈≈.....
..............
.............
...........#
.........o.#
.......o...#
.......@...#
......§....#
.......§§§§..##
#........§§§§..#
#........§§§...##
#.......§(.§....##
#.......≈≈≈≈≈....#
#......≈≈#.#≈≈.....
#......≈##.##≈.....


You could see an orc warrior and 2 orcs.

Vanquished Creatures
  The ghost of Gravitas the Fighter, a novice FoFi of Okawaru (D:6)
  Pikel (D:5)
  Prince Ribbit (D:5)
  Eustachio (D:6)
  4 sky beasts
  3 orc warriors
  3 ice beasts (D:5)
  A slave (D:5)
  A phantom (D:4)
  An ogre (D:5)
  4 centaurs (D:5)
  2 bullfrogs (D:6)
  A scorpion (D:6)
  2 killer bees (D:7)
  3 wights (D:6)
  A jelly (D:6)
  3 howler monkeys
  3 crimson imps
  A quasit (D:6)
  An orc priest (D:6)
  3 hounds
  A gnoll shaman (D:5)
  4 orc wizards (D:6)
  3 iguanas
  6 worker ants
  2 hound skeletons
  A worker ant zombie (D:5)
  6 gnolls
  3 adders
  2 oozes
  A worm (D:2)
  3 dart slugs
  5 leopard geckos
  22 orcs
  7 giant cockroaches
  7 goblins
  10 hobgoblins
  14 jackals
  2 quokkas
  5 bats
  3 frilled lizards
  6 kobolds
  A leopard gecko skeleton (D:5)
  8 rats
  A butterfly (D:6)
164 creatures vanquished.

Vanquished Creatures (others)
  A phantom (D:5)
  2 slaves (D:5)
  A bullfrog zombie (D:5)
  An orc priest (D:5)
5 creatures vanquished.

Grand Total: 169 creatures vanquished

Notes
Turn   | Place    | Note
-------+----------+-------------------------------------------
     0 | D:1      | Knicklaso the Draconian Transmuter began the quest for the Orb.
     0 | D:1      | Reached XP level 1. HP: 16/16 MP: 3/3
    63 | D:1      | Reached XP level 2. HP: 17/23 MP: 5/5
   530 | D:1      | Reached skill level 4 in Unarmed Combat
   997 | D:1      | Reached XP level 3. HP: 28/28 MP: 4/6
  1294 | D:2      | Learned a level 3 spell: Spider Form
  1682 | D:3      | Reached XP level 4. HP: 30/35 MP: 3/7
  2739 | D:4      | Reached XP level 5. HP: 36/40 MP: 6/8
  2740 | D:4      | Noticed a phantom
  2785 | D:4      | Killed a phantom
  2785 | D:4      | Reached skill level 5 in Transmutations
  2785 | D:4      | Reached skill level 1 in Poison Magic
  2869 | D:4      | Got a translucent spear
  2939 | D:4      | Found a shattered altar of Ashenzari.
  2944 | D:4      | Became a worshipper of Ashenzari the Shackled
  2945 | D:4      | Identified the +2 spear of Mayhem {freeze, Int+6} (You found it on level 4 of the Dungeon)
  3136 | D:4      | Reached XP level 6. HP: 33/47 MP: 5/9
  3242 | D:4      | Found a radiant altar of Vehumet.
  3242 | D:4      | Found a burning altar of Makhleb.
  3316 | D:4      | Got the uncursed shield "Netar" {*Slow +Fly rElec rN+++}
  3323 | D:4      | Identified the +3 shield "Netar" {*Slow +Fly rElec rN+++} (You found it on level 4 of the Dungeon)
  3495 | D:4      | Learned a level 5 spell: Blade Hands
  3575 | D:5      | Entered Level 5 of the Dungeon
  3633 | D:5      | HP: 1/47 [orc/short sword (4)]
  4020 | D:5      | Noticed a slave
  4022 | D:5      | Noticed Pikel
  4033 | D:5      | Killed a slave
  4041 | D:5      | Noticed a slave
  4043 | D:5      | Noticed a slave
  4045 | D:5      | Noticed a slave
  4062 | D:5      | Killed Pikel
  4062 | D:5      | Your scales start taking on a dull iron-grey colour.
  4062 | D:5      | Reached XP level 7. HP: 16/52 MP: 6/10
  4062 | D:5      | Gained mutation: You can survive without breathing. [Grey Draconian growth]
  4352 | D:5      | Noticed Prince Ribbit
  4360 | D:5      | Reached XP level 8. HP: 43/59 MP: 5/11
  4368 | D:5      | Killed Prince Ribbit
  4368 | D:5      | Reached skill level 5 in Unarmed Combat
  4591 | D:5      | Reached skill level 6 in Unarmed Combat
  4943 | D:5      | Reached skill level 7 in Unarmed Combat
  4987 | D:5      | Reached skill level 8 in Unarmed Combat
  5388 | D:5      | Reached XP level 9. HP: 64/64 MP: 6/12
  5456 | D:6      | Reached skill level 9 in Unarmed Combat
  5476 | D:6      | Noticed Eustachio
  5493 | D:6      | Killed Eustachio
  5534 | D:6      | Found a deep blue altar of Sif Muna.
  5742 | D:6      | Reached skill level 10 in Unarmed Combat
  5777 | D:6      | Noticed Gravitas's ghost (novice FoFi)
  5783 | D:6      | Killed Gravitas's ghost
  5783 | D:6      | Reached skill level 11 in Unarmed Combat
  5925 | D:6      | Found a glowing golden altar of the Shining One.
  5964 | D:6      | Reached * piety under Ashenzari
  6224 | D:6      | Identified Sif Muna's Volume of the Snowflakes
  6286 | D:6      | Found a staircase to the Ecumenical Temple.
  6365 | D:7      | Found Rirogh's Gadget Shop.
  6396 | D:7      | Reached XP level 10. HP: 71/71 MP: 11/13
  6403 | D:7      | Found a sparkling altar of Nemelex Xobeh.
  6416 | D:7      | Found a flagged portal.
  6453 | Bailey   | Entered a bailey
  6718 | Bailey   | Learned a level 4 spell: Ice Form
  6750 | Bailey   | HP: 1/71 [orc warrior/bolt (21)]
  6759 | Bailey   | Slain by an orc warrior

Skill      XL: |  1  2  3  4  5  6  7  8  9 10 |
---------------+-------------------------------+-----
Unarmed Combat | 4 8 11 | 11.8
Transmutations | 3 4 5 8 |  8.8
Poison Magic   | 1 |  1.3
Dodging        | 2 |  2.1
Fighting       | |  1.1
Spellcasting   | |  2.0

Action                   |  1- 3 |  4- 6 |  7- 9 | 10-12 || total
-------------------------+-------+-------+-------+-------++-------
Melee: Unarmed           |   150 |   158 |   170 |    15 ||   493
       Headbutt          |    11 |     7 |       |       ||    18
       Tailslap          |    13 |     9 |    14 |     2 ||    38
       Kick              |     8 |     1 |       |       ||     9
       Punch             |     3 |     2 |     2 |       ||     7
       Spear             |       |     8 |     2 |     1 ||    11
 Cast: Beastly Appendage |    22 |    16 |       |       ||    38
       Spider Form       |     1 |     8 |     3 |       ||    12
       Blade Hands       |       |       |    24 |     3 ||    27
Invok: Curse Item        |       |       |     2 |       ||     2
  Use: Scroll            |       |    12 |     1 |     2 ||    15
       Potion            |       |     3 |       |     4 ||     7
  Eat: Chunk             |     3 |     8 |    18 |     2 ||    31
Armor: Skin              |    35 |    33 |    54 |     7 ||   129
Dodge: Dodged            |    92 |    99 |    72 |    24 ||   287
